 Dungeon Crawl Stone Soup version 0.26-a0-639-g72c4674329 (webtiles) character file.

Game seed: 15238814311563206864

14351 ANON1729 the Fighter (level 11, -1/104 HPs)
             Began as a Minotaur Fighter on Sept 15, 2020.
             Was a Priest of the Shining One.
             Shot with an arrow by Nessos (13 damage)
             ... on level 12 of the Dungeon.
             The game lasted 00:17:05 (11174 turns).

ANON1729 the Fighter (Minotaur Fighter)            Turns: 11174, Time: 00:17:06

Health: -1/104     AC: 13    Str: 26    XL:     11   Next: 87%
Magic:  8/10       EV: 10    Int:  5    God:    the Shining One [***...]
Gold:   758        SH: 19    Dex: 13    Spells: 10/10 levels left

rFire    . . .     SeeInvis .   F - +3 rapier of the Dancing Genius {speed, rPois Str+2 Dex+3}
rCold    . . .     Faith    .   c - +0 kite shield
rNeg     + . .     Spirit   .   y - +2 acid dragon scales
rPois    +         Reflect  .   H - +2 hat
rElec    .         Harm     .   m - scarf {+Inv}
rCorr    +         Rampage  .   (no gloves)
MR       .....                  (no boots)
Stlth    +.........             l - amulet of regeneration
HPRegen  0.67/turn              (no ring)
MPRegen  0.12/turn              (no ring)

@: lethally poisoned (-1 -> -11), divine shield, glowing
A: retaliatory headbutt, horns 2
a: Divine Shield, Renounce Religion, Evoke Invisibility


You were on level 12 of the Dungeon.
You worshipped the Shining One.
The Shining One was most pleased with you.
You visited 2 branches of the dungeon, and saw 13 of its levels.

You collected 758 gold pieces.

Inventory:

Hand Weapons
 a - a +0 long sword
 n - a +0 scimitar
 F - the +3 rapier of the Dancing Genius (weapon) {speed, rPois Str+2 Dex+3}
   (You found it on level 8 of the Dungeon)

   Attacks with this weapon are significantly faster.
   It affects your strength (+2).
   It affects your dexterity (+3).
   It protects you from poison.
Armour
 c - a +0 kite shield (worn)
 m - a scarf of invisibility (worn)
 y - +2 acid dragon scales (worn)
 G - a +2 buckler
 H - a +2 hat (worn)
Jewellery
 l - an amulet of regeneration (around neck)
 x - an uncursed amulet of faith {unknown}
Wands
 D - a wand of flame (31)
Scrolls
 b - a scroll of acquirement {unknown}
 e - 5 scrolls of enchant armour {unknown}
 h - 9 scrolls of identify {unknown}
 i - 5 scrolls of remove curse {unknown}
 j - 5 scrolls of fear {unknown}
 o - a scroll of random uselessness {unknown}
 q - 3 scrolls of fog {unknown}
 r - 2 scrolls of magic mapping {unknown}
 t - 6 scrolls of teleportation {unknown}
 E - 2 scrolls of enchant weapon {unknown}
Potions
 d - 3 potions of magic {unknown}
 f - 4 potions of curing
 g - 3 potions of flight
 k - 4 potions of degeneration {unknown}
 p - 2 potions of might
 s - a potion of cancellation {unknown}
 v - a potion of heal wounds {unknown}
 w - 2 potions of haste {unknown}
 z - 2 potions of mutation {unknown}
 A - 3 potions of ambrosia {unknown}
 B - a potion of resistance {unknown}
 C - a potion of lignification {unknown}


   Skills:
 + Level 12.0 Fighting
 + Level 11.7 Long Blades
 + Level 11.9 Armour
 + Level 12.0 Shields


You had 10 spell levels left.
You didn't know any spells.
Your spell library contained the following spells:

 Spells                   Type           Power        Failure   Level
 Corona                   Hex            #......      67%         1
 Magic Dart               Conj           #...         67%         1
 Blink                    Tloc           N/A          80%         2
 Call Imp                 Summ           #.......     80%         2
 Ensorcelled Hibernation  Hex/Ice        #.....       80%         2
 Slow                     Hex            #.......     80%         2
 Confusing Touch          Hex            #.......     95%         3
 Conjure Flame            Conj/Fire      #.......     95%         3
 Dazzling Flash           Conj/Hex       #.....       95%         3
 Mephitic Cloud           Conj/Pois/Air  #.......     95%         3
 Tukima's Dance           Hex            #.......     95%         3


Dungeon Overview and Level Annotations

Branches:
Dungeon (12/15)            Temple (1/1) D:5            Lair (0/6) D:11
    Orc (0/2) D:11

Altars:
Ashenzari
Cheibriados
Dithmenos
Elyvilon
Fedhas
Gozag
Hepliaklqana
Kikubaaqudgha
Makhleb
Nemelex Xobeh
Okawaru
Qazlal
Ru
Sif Muna
Trog
Uskayaw
Vehumet
Wu Jian
Xom
Yredelemnul
Zin
The Shining One
Jiyva

Shops:
D:7 (

Annotations:
D:11 2 transporters, anet's ghost, journeyman GnNe
D:12 Nessos


Innate Abilities, Weirdness & Mutations

You reflexively headbutt those who attack you in melee.
You have a pair of horns on your head.


Message History

Nessos resists with some effort.
You feel sick. Nessos hits you. You block Nessos's attack.
Evoke which item? (* to show all) (? for menu, Esc to quit)
Aiming: Paralyse
Press: ? - help, Shift-Dir - straight line, f/p - Nessos
Aim: Nessos, wearing a +0 ring mail and quivering 20 arrows (fast, haloed, chance to defeat MR: 46%) Nessos resists with some effort.
You feel sick.
Nessos blinks!
Nessos wields a +2 longbow of flaming.
It bursts into flame!
Nessos shoots an arrow.
The arrow hits you!
* * * LOW HITPOINT WARNING * * *
The arrow burns you!
* * * LOW HITPOINT WARNING * * *
Evoke which item? (* to show all) (? for menu, Esc to quit)
Aiming: Paralyse
Press: ? - help, Shift-Dir - straight line, f/p - Nessos
Aim: Nessos, wielding a +2 longbow of flaming, wearing a +0 ring mail and quivering 19 arrows (fast, chance to defeat MR: 46%) Nessos resists with some effort.
The now-empty wand crumbles to dust.
You feel sick.
Nessos shoots an arrow.
You block the arrow.
Nessos shoots an arrow.
The arrow hits you!
You die...

.##...##...######## ...#
......##...###....##...+
....>.................#
.##...##..............#####
. #...##########..##.......
#...# .######.>##...?.
+..... .............#
##...# .......†.....##+#
#...# .......@((.....[..
#... .##..##).##....... #..
#.(# ..##### #....>.....#
#.......c..# #.............
#####..##..##. #### #.# .c


You could see Nessos (fast).

Vanquished Creatures
  Gastronok (D:10)
  A two-headed ogre (D:12)
  2 skeletal warriors (D:11)
  Pikel (D:5)
  An ugly thing (D:11)
  A cyclops (D:12)
  Joseph (D:6)
  Maggie (D:7)
  Grinder (D:5)
  A meliai zombie (D:11)
  Sigmund (D:5)
  A wyvern (D:12)
  A vampire (D:10)
  3 yaks (D:10)
  Eustachio (D:6)
  Menkaure (D:4)
  Edmund (D:5)
  An acid dragon (D:12)
  A phantom (D:6)
  Duvessa (D:5)
  7 orc warriors
  2 necrophages
  An ice beast (D:9)
  2 sky beasts
  2 black bears
  5 centaurs
  12 ogres
  A crocodile (D:9)
  Blork the orc (D:6)
  2 big kobolds
  7 bullfrogs
  A wyvern zombie (D:7)
  Dowan (D:5)
  7 scorpions
  A howler monkey (D:5)
  2 bullfrog zombies
  4 hounds
  6 jellies
  3 bullfrog skeletons
  6 orc priests
  7 centaur skeletons
  4 iguanas
  Terence (D:2)
  11 orc wizards
  6 worker ants
  3 hound skeletons
  2 worker ant zombies
  7 gnolls
  A howler monkey skeleton (D:5)
  10 adders
  A shadow imp (D:10)
  2 white imps
  An ufetubus (D:6)
  An ooze (D:4)
  An adder skeleton (D:9)
  3 worms
  3 dart slugs
  3 leopard geckos
  50 orcs
  7 giant cockroaches
  11 hobgoblins
  13 jackals
  4 quokkas
  12 bats
  7 frilled lizards
  10 goblins
  A jackal skeleton (D:4)
  17 kobolds
  A leopard gecko zombie (D:5)
  A quokka zombie (D:5)
  5 rats
302 creatures vanquished.

Vanquished Creatures (collateral kills)
  Erolcha (D:9)
1 creature vanquished.

Vanquished Creatures (others)
  13 fungi (D:11)
  12 plants (D:11)
25 creatures vanquished.

Grand Total: 328 creatures vanquished

Notes
Turn   | Place    | Note
-------+----------+-------------------------------------------
     0 | D:1      | ANON1729 the Minotaur Fighter began the quest for the Orb.
     0 | D:1      | Reached XP level 1. HP: 19/19 MP: 0/0
   207 | D:1      | Reached XP level 2. HP: 25/27 MP: 1/1
   434 | D:1      | Reached XP level 3. HP: 33/33 MP: 2/2
  1050 | D:2      | Reached XP level 4. HP: 40/41 MP: 3/3
  1168 | D:2      | You fall into a shaft and drop 2 floors!
  1175 | D:4      | Noticed Menkaure
  1188 | D:4      | Killed Menkaure
  1188 | D:4      | Reached XP level 5. HP: 24/47 MP: 4/4
  1197 | D:4      | Reached skill level 5 in Fighting
  1197 | D:4      | Reached skill level 5 in Shields
  1485 | D:4      | Reached skill level 5 in Armour
  1673 | D:4      | Reached XP level 6. HP: 41/56 MP: 5/5
  2422 | D:2      | Noticed Terence
  2438 | D:2      | Killed Terence
  3417 | D:3      | Reached XP level 7. HP: 62/62 MP: 6/6
  3426 | D:3      | Reached skill level 5 in Long Blades
  3572 | D:3      | Found a faded altar of an unknown god.
  4025 | D:5      | Entered Level 5 of the Dungeon
  4051 | D:5      | Noticed Pikel
  4069 | D:5      | Killed Pikel
  4069 | D:5      | Reached XP level 8. HP: 57/71 MP: 7/7
  4163 | D:5      | Noticed Sigmund
  5171 | D:5      | Killed Sigmund
  5196 | D:5      | Noticed Duvessa
  5199 | D:5      | Found a hazy altar of Hepliaklqana.
  5217 | D:5      | Noticed Dowan
  5225 | D:5      | Killed Duvessa
  5229 | D:5      | Killed Dowan
  5474 | D:5      | Found a shimmering altar of Xom.
  5493 | D:5      | Found a white marble altar of Elyvilon.
  5536 | D:5      | Found a staircase to the Ecumenical Temple.
  5571 | Temple   | Entered the Ecumenical Temple
  5710 | Temple   | Became a worshipper of the Shining One
  5747 | D:5      | Noticed Grinder
  5766 | D:5      | Killed Grinder
  5859 | D:5      | Found a snail-covered altar of Cheibriados.
  5897 | D:5      | Found a blossoming altar of Fedhas.
  6343 | D:5      | Noticed Edmund
  6355 | D:5      | Killed Edmund
  6355 | D:5      | Reached XP level 9. HP: 52/81 MP: 8/8
  6821 | D:6      | Noticed Blork the orc
  6826 | D:6      | Killed Blork the orc
  7109 | D:6      | Noticed Eustachio
  7109 | D:6      | Reached * piety under the Shining One
  7140 | D:6      | Killed Eustachio
  7159 | D:6      | Found a shimmering blue altar of Sif Muna.
  7300 | D:7      | Found Qefinegim's Weapon Emporium.
  7307 | D:7      | Noticed Maggie
  7323 | D:7      | Killed Maggie
  7568 | D:7      | Noticed Joseph
  7695 | D:6      | Killed Joseph
  7695 | D:6      | Reached XP level 10. HP: 61/91 MP: 9/9
  8043 | D:8      | Got a steaming rapier
  8044 | D:8      | Identified the +3 rapier of the Dancing Genius {speed,
                  | rPois Str+2 Dex+3} (You found it on level 8 of the Dungeon)
  8516 | D:9      | Found a viscous altar of Jiyva.
  8516 | D:9      | Noticed Erolcha
  8532 | D:9      | Killed Erolcha
  8532 | D:9      | Reached skill level 10 in Fighting
  8532 | D:9      | Reached skill level 10 in Shields
  8569 | D:9      | Reached skill level 10 in Armour
  8963 | D:9      | Reached ** piety under the Shining One
  9127 | D:10     | Entered Level 10 of the Dungeon
  9186 | D:10     | Reached skill level 10 in Long Blades
  9341 | D:10     | Noticed Gastronok
  9373 | D:10     | Killed Gastronok
  9373 | D:10     | Reached XP level 11. HP: 11/101 MP: 10/10
  9965 | D:11     | Reached *** piety under the Shining One
  9966 | D:11     | Noticed a skeletal warrior
 10007 | D:11     | Killed a skeletal warrior
 10018 | D:11     | Noticed a skeletal warrior
 10033 | D:11     | Noticed a skeletal warrior
 10458 | D:11     | Killed a skeletal warrior
 10768 | D:11     | Found a transporter.
 10773 | D:11     | Noticed anet's ghost (journeyman GnNe)
 10785 | D:11     | Found a transporter.
 10838 | D:11     | Found a staircase to the Lair.
 10927 | D:11     | Found a staircase to the Orcish Mines.
 11015 | D:12     | Noticed a green ugly thing
 11029 | D:11     | Killed a green ugly thing
 11119 | D:12     | Noticed a two-headed ogre
 11126 | D:12     | Killed a two-headed ogre
 11162 | D:12     | Noticed Nessos
 11174 | D:12     | Shot with an arrow by Nessos

Illustrated notes

Levels and vault maps discovered:
D:1:      dpeg_arrival_simpleton_b, layout_basic
D:2:      layout_loops_ring, uniq_terence
D:3:      layout_basic, chequers_ecumenical_altar_twisty
D:4:      cheibrodos_quashed, layout_gridville, uniq_menkaure
D:5:      layout_layer_cave, cheibrodos_worm_habitat,
          nicolae_overflow_quartered_altars, minmay_temple_entry_waves,
          uniq_grinder, uniq_duvessa, uniq_edmund, uniq_sigmund, uniq_pikel
D:6:      layout_rooms, lemuel_blue_sif_altar, uniq_eustachio,
          uniq_blork_the_orc
D:7:      layout_rooms, serial_shops, nicolae_shop_waterfront, uniq_joseph,
          uniq_maggie
D:8:      layout_gridville
D:9:      layout_rooms, jiyva_altar_1, uniq_erolcha
D:10:     layout_roguey, uniq_gastronok
D:11:     layout_loops_ring, grunt_lair_entry_orc_guard_hut, orc_0_dummy,
          gammafunk_ghost_berserking_beasts
D:12:     layout_gridville, minmay_misc_feat_doors, uniq_nessos, uniq_josephine
Temple:   nicolae_temple_elliptical

Skill      XL: |  1  2  3  4  5  6  7  8  9 10 11 |
---------------+----------------------------------+-----
Shields        | 4 5 6 8 9 10 12 | 12.0
Fighting       | 4 5 6 8 9 10 12 | 12.0
Armour         | 4 5 6 8 9 10 11 | 11.9
Long Blades    | 3 4 6 7 9 10 11 | 11.7

Action                   |  1- 3 |  4- 6 |  7- 9 | 10-12 || total
-------------------------+-------+-------+-------+-------++-------
Melee: Long sword        |   109 |   129 |   339 |    19 ||   596
       Headbutt          |     9 |    24 |    80 |   137 ||   250
       Rapier            |       |       |       |   475 ||   475
Invok: Divine Shield     |       |       |       |     5 ||     5
Evoke: Wand              |       |       |     3 |     6 ||     9
  Use: Potion            |       |     1 |     6 |       ||     7
 Stab: Paralysed         |       |       |    15 |       ||    15
Armor: Scale mail        |    53 |    52 |       |       ||   105
       Ring mail         |       |    15 |    76 |       ||    91
       Acid dragon scale |       |       |    24 |    69 ||    93
Dodge: Dodged            |    44 |    52 |    99 |    97 ||   292
Block: Kite shield       |    60 |    57 |   183 |   115 ||   415
       Buckler           |       |       |       |    76 ||    76
       Rpst.: Long sword |     8 |    10 |    29 |     2 ||    49

Table legend: (Time is in decaauts)
 A = Elapsed time spent in this place.
 B = Non-inter-level travel time spent in this place.
 C = Inter-level travel time spent in this place.
 D = Time resting spent in this place.
 E = Time spent auto-exploring this place.
 F = Levels seen in this place.
 G = Mean time per level.
                   A        B        C        D        E       F      G
               +--------+--------+--------+--------+--------+-----+--------+
         Total |  11128 |  10707 |    421 |   1796 |   6727 |  13 |  856.0 |
       Dungeon |  10973 |  10569 |    404 |   1796 |   6608 |  12 |  914.4 |
        Temple |    155 |    139 |     16 |      0 |    119 |   1 |  155.0 |
               +--------+--------+--------+--------+--------+-----+--------+

Top non-repeatable levels by time:
     D:4: 2081 daAuts
     D:5: 1602 daAuts
     D:3: 1076 daAuts
     D:2: 1003 daAuts
    D:10: 881 daAuts
     D:1: 839 daAuts
     D:6: 814 daAuts
    D:11: 794 daAuts
     D:9: 787 daAuts
     D:7: 529 daAuts
     D:8: 427 daAuts
  Temple: 155 daAuts
    D:12: 133 daAuts
